 Dungeon Crawl Stone Soup version 0.26-a0-651-gb41185065b (webtiles) character file.

Game seed: 7041091810722681020

81596 ipx the Severer (level 15, 0/126 HPs)
             Began as a Barachi Brigand on Oct 21, 2020.
             Was an Initiate of Gozag.
             Succumbed to a wolf spider's poison
             ... on level 3 of the Spider Nest on Oct 22, 2020.
             The game lasted 02:42:28 (9987 turns).

ipx the Severer (Barachi Brigand)                   Turns: 9987, Time: 02:42:29

Health: 0/126      AC: 28    Str: 18    XL:     15   Next: 70%
Magic:  15/15      EV:  9    Int: 13    God:    Gozag
Gold:   804        SH:  0    Dex: 13    Spells: 13/14 levels left

rFire    . . .     SeeInvis .   a - +5 battleaxe (freeze)
rCold    + . .     Faith    .   (shield currently unavailable)
rNeg     . . .     Spirit   .   L - +2 plate armour {rC+}
rPois    .         Reflect  .   J - +2 helmet
rElec    .         Harm     .   c - +0 cloak
rCorr    .         Rampage  .   (no gloves)
MR       +....                  x - +0 pair of boots
Stlth    ..........             R - amulet of regeneration
HPRegen  0.71/turn              N - +4 ring of protection
MPRegen  0.14/turn              Y - +4 ring of slaying

@: lethally poisoned (0 -> -57), gold aura, very slightly contaminated,
invisible, slow
A: +LOS, swims, slowness 1, strong legs 2
a: Hop, Potion Petition, Call Merchant, Bribe Branch, Renounce Religion


You were on level 3 of the Spider Nest.
You worshipped Gozag.
Gozag was pleased with you.
You visited 4 branches of the dungeon, and saw 24 of its levels.

You collected 6108 gold pieces.
You spent 3854 gold pieces at shops.
You paid 1450 gold pieces to Gozag.

Inventory:

Hand Weapons
 a - a +5 battleaxe of freezing (weapon)
 b - a +6 dire flail of protection
Missiles
 d - 41 poisoned darts (quivered)
 g - 42 boomerangs
 z - 3 throwing nets
 X - 2 curare-tipped darts
Armour
 c - a +0 cloak (worn)
 v - a +2 chain mail of magic resistance
 x - a +0 pair of boots (worn)
 J - a +2 helmet (worn)
 L - a +2 plate armour of cold resistance (worn)
Jewellery
 C - an uncursed ring of protection from cold
 F - an uncursed ring of protection from fire
 N - a +4 ring of protection (left hand)
 R - an amulet of regeneration (around neck)
 S - a +6 ring of strength
 Y - a +4 ring of slaying (right hand)
 Z - the ring "Replik" {rF+ rCorr}
   (You bought it in a shop on level 5 of the Dungeon)

   [ring of resist corrosion]

   It protects you from fire.
   It provides partial protection from all sources of acid and corrosion.
Wands
 e - a wand of acid (6)
 j - a wand of disintegration (10)
 B - a wand of digging (1)
 D - a wand of paralysis (4)
Scrolls
 f - a scroll of magic mapping
 i - 4 scrolls of blinking
 m - 5 scrolls of teleportation
 n - 10 scrolls of remove curse
 o - 2 scrolls of enchant weapon
 p - 2 scrolls of fear
 s - 2 scrolls of identify
 t - a scroll of fog
 w - a scroll of torment
 y - 2 scrolls of amnesia
 I - a scroll of summoning
 K - a scroll of enchant armour
 O - a scroll of immolation
 W - a scroll of vulnerability
Potions
 l - 8 potions of brilliance
 q - 4 potions of flight
 r - 5 potions of stabbing
 u - 4 potions of cancellation
 A - 5 potions of mutation
 E - 3 potions of haste
 G - 4 potions of might
 H - 2 potions of heal wounds
 P - 7 potions of lignification
 Q - a potion of resistance
 V - 5 potions of ambrosia
Miscellaneous
 k - a box of beasts (3/3)
 T - a phial of floods


   Skills:
 + Level 14.1 Fighting
   Level 2.1 Short Blades
 * Level 19.3(19.7) Axes
 - Level 7.4(14.7) Maces & Flails
 - Level 2.0 Throwing
 - Level 12.0 Armour
 - Level 8.0 Dodging
 - Level 3.6 Stealth
 - Level 8.0 Evocations


You had 13 spell levels left.
You knew the following spells:

 Your Spells              Type           Power        Failure   Level
a - Apportation           Tloc           #.....       99%         1

Your spell library contained the following spells:

 Spells                   Type           Power        Failure   Level
 Animate Skeleton         Necr           #.....       99%         1
 Corona                   Hex            #......      99%         1
 Foxfire                  Conj/Fire      #...         99%         1
 Magic Dart               Conj           #...         99%         1
 Pain                     Necr           #...         99%         1
 Shock                    Conj/Air       #...         99%         1
 Sting                    Tmut/Pois      #...         99%         1
 Blink                    Tloc           N/A          100%        2
 Call Imp                 Summ           #.......     100%        2
 Ensorcelled Hibernation  Hex/Ice        #.....       100%        2
 Poisonous Vapours        Pois/Air       #.....       100%        2
 Slow                     Hex            #.......     100%        2
 Swiftness                Air            #.......     100%        2
 Confusing Touch          Hex            #.......     100%        3
 Conjure Flame            Conj/Fire      #.......     100%        3
 Dazzling Flash           Conj/Hex       #.....       100%        3
 Gell's Gravitas          Tloc           #.........   100%        3
 Ignite Poison            Fire/Tmut/Pois #.......     100%        3
 Inner Flame              Hex/Fire       #.......     100%        3
 Lesser Beckoning         Tloc           #.........   100%        3
 Mephitic Cloud           Conj/Pois/Air  #.......     100%        3
 Static Discharge         Conj/Air       #.......     100%        3
 Tukima's Dance           Hex            #.......     100%        3
 Vampiric Draining        Necr           #.........   100%        3
 Airstrike                Air            #.........   100%        4
 Animate Dead             Necr           #.........   100%        4
 Olgreb's Toxic Radiance  Pois           #.......     100%        4
 Petrify                  Tmut/Erth      #.......     100%        4
 Sticky Flame             Conj/Fire      #.......     100%        4
 Agony                    Necr           #.......     100%        5
 Alistair's Intoxication  Tmut/Pois      #........    100%        5
 Fireball                 Conj/Fire      #.........   100%        5
 Lightning Bolt           Conj/Air       #.........   100%        5
 Metabolic Englaciation   Hex/Ice        #.........   100%        5
 Yara's Violent Unravell  Hex/Tmut       #.........   100%        5
 Invisibility             Hex            #.......     100%        6


Dungeon Overview and Level Annotations

Branches:
Dungeon (13/15)              Lair (6/6) D:8           Swamp (0/4) Lair:4
 Spider (3/4) Lair:3        Slime (0/5) Lair:6          Orc (2/2) D:9
 Temple: D:4-7          Elf: Orc:2       Vaults: D:13-14

Altars:
Cheibriados
Dithmenos
Elyvilon
Fedhas
Gozag
Nemelex Xobeh
Qazlal
Sif Muna
Trog
Vehumet
Wu Jian
Zin
The Shining One
Beogh
Jiyva

Shops:
D:5 =   D:13 !   Orc:2 (!   Spider:1 =

Annotations:
D:10 1 transporter, p0werm0de's ghost, novice DDFi


Innate Abilities, Weirdness & Mutations

You can be seen from farther away. (+LOS)
You can swim through water.
You cover ground slowly.
You can hop long distances.


Message History

* * * LOW HITPOINT WARNING * * *
You feel very sick.
The emperor scorpion closely misses you.
The emperor scorpion claws you!
* * * LOW HITPOINT WARNING * * *
The emperor scorpion barely misses you.
The wolf spider hits you but does no damage.
The wolf spider bites you but does no damage.
The moth of wrath goads the wolf spider on!
The wolf spider goes berserk!
You hit the emperor scorpion but do no damage.
The emperor scorpion is moderately wounded.
You hit the tarantella. You freeze the tarantella.
You catch the helpless moth of wrath completely off-guard!
You slice the moth of wrath!! You freeze the moth of wrath.
You kill the moth of wrath!
You catch the helpless wolf spider completely off-guard!
You slash the wolf spider! You freeze the wolf spider.
You die...
Your body crumbles into a pile of gold.

≈.# ... #..
##≈# ..#
..### # .
#≈..#.#...
#$s.......
#@s.......
#.s###.<....
#.. ..## #..
.# ### $ $


You could see an emperor scorpion (berserk), a wolf spider (berserk) and a
tarantella.

Vanquished Creatures
  Donald (Spider:2)
  3 emperor scorpions
  An orc warlord (Orc:2)
  3 entropy weavers
  Harold (Lair:2)
  5 hydras
  2 two-headed ogres
  A catoblepas (Lair:2)
  11 death yaks
  A queen ant (Lair:4)
  4 orc high priests (Orc:2)
  Nergalle (D:11)
  A skeletal warrior (D:11)
  6 orb spiders
  An orc knight (Orc:2)
  2 ugly things
  An orc sorcerer (Orc:2)
  8 wolf spiders
  2 cyclopes (D:12)
  2 moths of wrath
  2 oklob plants (Lair:6)
  Joseph (D:7)
  2 torpor snails
  3 black mambas
  23 cane toads
  A rime drake (Lair:2)
  3 demonic crawlers (Spider:1)
  4 komodo dragons
  A queen bee (shapeshifter) (D:13)
  4 jumping spiders (Spider:2)
  A queen bee (Lair:2)
  A hornet (D:11)
  2 trolls
  A polar bear (Lair:6)
  3 tyrant leeches (Lair:6)
  2 bog bodies (Lair:4)
  5 slime creatures (D:11)
  9 hippogriffs
  17 blink frogs
  17 redbacks
  4 wraiths
  A shadow (D:12)
  27 yaks
  7 tarantellas
  3 wyverns
  2 basilisks (Lair:6)
  6 vampire mosquitoes (Lair:6)
  Menkaure (D:7)
  2 wargs
  22 soldier ants
  An acid dragon (D:12)
  9 water moccasins
  13 porcupines
  A floating eye (shapeshifter) (D:11)
  A floating eye (Lair:6)
  29 orc warriors
  3 sky beasts
  10 ogres
  2 ice beasts
  A black bear (D:10)
  7 wolves
  10 centaurs
  8 crocodiles
  4 big kobolds
  Blork the orc (D:5)
  15 bullfrogs
  A gnoll sergeant (D:10)
  A scorpion (D:6)
  28 killer bees
  10 wights
  4 howler monkeys
  4 electric eels
  A centaur zombie (D:9)
  2 quasits
  2 hounds
  A jelly (D:5)
  20 orc priests
  20 orc wizards
  A centaur skeleton (D:8)
  Jessica (D:3)
  2 iguanas
  24 worker ants
  6 hell rats (Lair:2)
  A howler monkey zombie (D:10)
  12 gnolls
  2 worker ant zombies
  11 adders
  A shadow imp (D:9)
  2 white imps (D:8)
  4 ufetubi
  An ooze (D:6)
  2 worms
  2 dart slugs
  A leopard gecko (D:1)
  65 orcs
  4 bats
  2 giant cockroaches
  4 goblins
  3 hobgoblins
  9 jackals
  46 kobolds
  3 quokkas
  8 frilled lizards
  A jackal skeleton (D:4)
  7 rats
668 creatures vanquished.

Vanquished Creatures (collateral kills)
  A hornet (Spider:2)
  2 orb spiders (Spider:2)
  A torpor snail (Spider:2)
  A jumping spider (Spider:2)
  2 redbacks (Spider:2)
7 creatures vanquished.

Vanquished Creatures (others)
  2 wolf spiders (Spider:2)
  A jumping spider (Spider:2)
  3 bushes (Lair:6)
  37 fungi
  173 plants
216 creatures vanquished.

Grand Total: 891 creatures vanquished

Notes
Turn   | Place    | Note
-------+----------+-------------------------------------------
     0 | D:1      | ipx the Barachi Brigand began the quest for the Orb.
     0 | D:1      | Reached XP level 1. HP: 17/17 MP: 1/1
    56 | D:1      | Reached XP level 2. HP: 18/24 MP: 2/2
   185 | D:2      | Reached XP level 3. HP: 12/30 MP: 3/3
   296 | D:2      | Reached skill level 5 in Fighting
   296 | D:2      | Reached XP level 4. HP: 25/39 MP: 4/4
   615 | D:3      | Noticed Jessica
   620 | D:3      | Killed Jessica
   620 | D:3      | Reached skill level 1 in Armour
   778 | D:3      | Noticed a big kobold
   810 | D:3      | Killed a big kobold
   810 | D:3      | Reached XP level 5. HP: 26/46 MP: 5/5
   893 | D:3      | Noticed a big kobold
   925 | D:3      | Killed a big kobold
   925 | D:3      | Reached XP level 6. HP: 39/53 MP: 6/6
  1073 | D:4      | Reached skill level 1 in Axes
  1094 | D:4      | Found a shadowy altar of Dithmenos.
  1131 | D:4      | Reached skill level 2 in Axes
  1219 | D:5      | Entered Level 5 of the Dungeon
  1219 | D:5      | Found Waucone's Jewellery Shoppe.
  1229 | D:5      | Noticed Blork the orc
  1231 | D:5      | Reached skill level 3 in Axes
  1232 | D:5      | Reached XP level 7. HP: 57/59 MP: 7/7
  1277 | D:5      | Killed Blork the orc
  1315 | D:5      | Found a bloodstained altar of Trog.
  1360 | D:5      | Found an ornate altar of the Wu Jian Council.
  1390 | D:4      | You fall into a shaft and drop 2 floors!
  1413 | D:6      | Reached skill level 1 in Maces & Flails
  1449 | D:6      | Reached skill level 5 in Armour
  1471 | D:6      | Reached XP level 8. HP: 65/67 MP: 8/8
  1478 | D:6      | Found an opulent altar of Gozag.
  1501 | D:6      | Became a worshipper of Gozag Ym Sagoz the Greedy
  1706 | D:7      | Found a shimmering blue altar of Sif Muna.
  1739 | D:7      | Noticed Joseph
  1768 | D:7      | Killed Joseph
  1828 | D:8      | Reached skill level 1 in Evocations
  1828 | D:8      | Reached XP level 9. HP: 26/72 MP: 9/9
  1926 | D:7      | Found a blossoming altar of Fedhas.
  1926 | D:7      | Noticed Menkaure
  1927 | D:7      | Found a stormy altar of Qazlal.
  2093 | D:7      | Killed Menkaure
  2093 | D:7      | Reached skill level 4 in Axes
  2105 | D:7      | Found a glowing silver altar of Zin.
  2196 | D:6      | Found a glowing golden altar of the Shining One.
  2237 | D:5      | Bought an uncursed amulet of regeneration for 360 gold
                  | pieces
  2430 | D:9      | Reached skill level 5 in Axes
  2435 | D:9      | Reached skill level 6 in Axes
  2451 | D:9      | Reached skill level 7 in Axes
  2460 | D:9      | Reached skill level 8 in Axes
  2488 | D:9      | Reached XP level 10. HP: 53/79 MP: 10/10
  2593 | D:9      | Found a staircase to the Orcish Mines.
  2605 | D:9      | Reached skill level 9 in Axes
  2765 | D:9      | Found a radiant altar of Vehumet.
  2772 | D:10     | Entered Level 10 of the Dungeon
  2889 | D:10     | Reached skill level 10 in Axes
  2915 | D:11     | Noticed a fire crab
  2916 | D:11     | a fire crab changed into a floating eye
  2921 | D:11     | Paralysed by a floating eye for 2 turns
  3005 | D:11     | Noticed a brown ugly thing
  3013 | D:11     | Killed a brown ugly thing
  3047 | D:11     | Noticed Nergalle
  3064 | D:11     | Killed Nergalle
  3191 | D:11     | Reached skill level 11 in Axes
  3314 | D:12     | Noticed a two-headed ogre
  3318 | D:12     | Noticed a cyclops
  3397 | D:11     | Reached XP level 11. HP: 24/84 MP: 11/11
  3434 | D:11     | Reached skill level 12 in Axes
  3516 | D:12     | Noticed a skeletal warrior
  3516 | D:12     | Noticed a skeletal warrior
  3534 | D:11     | Killed a skeletal warrior
  3615 | D:12     | Killed a two-headed ogre
  3655 | D:12     | Killed a cyclops
  3655 | D:12     | Reached skill level 10 in Armour
  3800 | D:13     | Found Xeleoqos's Distillery.
  3818 | D:13     | Bought a potion of resistance for 150 gold pieces
  3818 | D:13     | Bought a potion of haste for 150 gold pieces
  3818 | D:13     | Bought a potion of lignification for 45 gold pieces
  3818 | D:13     | Bought 2 potions of flight for 90 gold pieces
  3818 | D:13     | Bought 2 potions of haste for 300 gold pieces
  3818 | D:13     | Bought a potion of might for 60 gold pieces
  3818 | D:13     | Bought a potion of lignification for 45 gold pieces
  3818 | D:13     | Bought a potion of heal wounds for 75 gold pieces
  3818 | D:13     | Bought a potion of curing for 45 gold pieces
  3841 | D:13     | Noticed a brown ugly thing
  3847 | D:13     | Killed a brown ugly thing
  3847 | D:13     | Reached skill level 13 in Axes
  4001 | D:12     | Noticed a cyclops
  4019 | D:12     | Killed a cyclops
  4103 | D:12     | Found a sparkling altar of Nemelex Xobeh.
  4133 | D:12     | Learned a level 1 spell: Apportation
  4226 | D:10     | Noticed p0werm0de's ghost (novice DDFi)
  4226 | D:10     | Identified the cursed +3 great mace "Hiozaunk" {flame,
                  | *Contam MR+ Dex+3}
  4226 | D:10     | Noticed a two-headed ogre
  4227 | D:10     | Found a transporter.
  4445 | Orc:1    | Entered Level 1 of the Orcish Mines
  4525 | Orc:2    | Entered Level 2 of the Orcish Mines
  4560 | Orc:2    | Reached XP level 12. HP: 82/93 MP: 12/12
  4685 | Orc:2    | Noticed a two-headed ogre
  4700 | Orc:2    | Killed a two-headed ogre
  4704 | Orc:2    | Reached skill level 14 in Axes
  5002 | Orc:2    | Reached skill level 5 in Dodging
  5003 | Orc:2    | Noticed an orc warlord
  5047 | Orc:2    | Killed an orc warlord
  5091 | Orc:2    | Found a roughly hewn altar of Beogh.
  5111 | Orc:2    | Noticed an orc high priest
  5114 | Orc:2    | Noticed a soul eater
  5269 | Orc:2    | Noticed an orc high priest
  5298 | Orc:2    | Killed an orc high priest
  5298 | Orc:2    | Reached skill level 5 in Evocations
  5397 | Orc:2    | Killed an orc high priest
  5412 | Orc:2    | Found Xaoboze's Distillery.
  5424 | Orc:2    | Bought a potion of haste for 140 gold pieces
  5424 | Orc:2    | Bought a potion of mutation for 112 gold pieces
  5424 | Orc:2    | Bought 2 potions of curing for 84 gold pieces
  5424 | Orc:2    | Bought a potion of might for 56 gold pieces
  5424 | Orc:2    | Bought a potion of heal wounds for 70 gold pieces
  5424 | Orc:2    | Bought a potion of berserk rage for 70 gold pieces
  5443 | Orc:2    | Noticed an orc high priest
  5467 | Orc:2    | Killed an orc high priest
  5467 | Orc:2    | Reached skill level 15 in Axes
  5487 | Orc:2    | Found Havawis's Weapon Emporium.
  5522 | Orc:2    | Noticed an orc high priest
  5539 | Orc:2    | Killed an orc high priest
  5539 | Orc:2    | Reached skill level 10 in Fighting
  5901 | D:5      | Bought the ring "Replik" {rF+ rCorr} for 408 gold pieces
  5901 | D:5      | Bought an uncursed ring of protection from fire for 300
                  | gold pieces
  5901 | D:5      | Bought an uncursed ring of protection from cold for 300
                  | gold pieces
  6004 | D:8      | Found a snail-covered altar of Cheibriados.
  6079 | D:8      | Found a staircase to the Lair.
  6086 | Lair:1   | Entered Level 1 of the Lair of Beasts
  6120 | Lair:2   | Gained mutation: You can hop long distances. [Barachi
                  | growth]
  6120 | Lair:2   | Reached XP level 13. HP: 93/103 MP: 13/13
  6544 | Lair:2   | Noticed Harold
  6605 | Lair:2   | Killed Harold
  6605 | Lair:2   | Reached skill level 16 in Axes
  6857 | Lair:4   | Noticed an entropy weaver
  6869 | Lair:4   | Killed an entropy weaver
  6886 | Lair:4   | Noticed an entropy weaver
  6907 | Lair:4   | Killed an entropy weaver
  7278 | Lair:6   | Entered Level 6 of the Lair of Beasts
  7389 | Lair:6   | Reached skill level 17 in Axes
  7392 | Lair:6   | Reached XP level 14. HP: 43/114 MP: 14/14
  7700 | Lair:6   | Found a white marble altar of Elyvilon.
  8254 | Lair:6   | Reached skill level 18 in Axes
  8329 | Lair:6   | Found a staircase to the Slime Pits.
  8329 | Lair:6   | Found a viscous altar of Jiyva.
  8611 | Lair:4   | Found a staircase to the Swamp.
  8616 | Lair:4   | Reached XP level 15. HP: 84/123 MP: 15/15
  8947 | Lair:3   | Found a hole to the Spider Nest.
  8969 | Spider:1 | Entered Level 1 of the Spider Nest
  9028 | Spider:1 | Bought a +6 ring of strength for 994 gold pieces
  9030 | Spider:1 | Noticed an emperor scorpion
  9052 | Spider:1 | Killed an emperor scorpion
  9253 | Spider:2 | Noticed Donald
  9717 | Spider:2 | Killed Donald
  9783 | Spider:2 | Noticed an emperor scorpion
  9787 | Spider:2 | Reached skill level 19 in Axes
  9801 | Spider:2 | Killed an emperor scorpion
  9894 | Spider:3 | Noticed an emperor scorpion
  9901 | Spider:3 | Noticed an emperor scorpion
  9913 | Spider:2 | Killed an emperor scorpion
  9986 | Spider:3 | HP: 3/126 [emperor scorpion (7)]
  9987 | Spider:3 | Succumbed to a wolf spider's poison

Illustrated notes

Levels and vault maps discovered:
D:1:      shiori_arrival_maze, layout_basic, chequers_serial_rivers_room_b
D:2:      layout_basic, minmay_hexomino_c4, uniq_terence
D:3:      minmay_goblin_kobold_castle, layout_basic, serial_rivers,
          chequers_serial_rivers_small_a, chequers_serial_rivers_large_a,
          chequers_serial_rivers_micro_e, chequers_serial_rivers_small_b,
          chequers_serial_rivers_micro_e, chequers_serial_rivers_large_b,
          fedhas_altar_3, uniq_ijyb, uniq_grinder, uniq_jessica
D:4:      layout_loops_ring, kennysheep_little_box, minmay_temple_entry_poolview
D:5:      layout_basic, nicolae_overflow_crystal_walls, kennysheep_mini_moat,
          serial_shops, shop, corexii_shack, uniq_blork_the_orc
D:6:      layout_rooms, nicolae_tso_swordbearing_angel, wad_woods_river_04,
          nicolae_gozag_cash_rules_everything_around_me
D:7:      layout_loops_ring, gammafunk_temple_overflow_forgotten,
          old_standard_altar, serial_bayou, serial_bayou_shore_a,
          serial_bayou_pond_b, serial_bayou_lake_a, serial_bayou_pond_b,
          uniq_menkaure, uniq_joseph
D:8:      layout_rooms, lemuel_round_altar, lair_entry_dummy, serial_bayou,
          serial_bayou_ford_a, serial_bayou_crossing, serial_bayou_lagoon_a,
          serial_bayou_pond_d
D:9:      layout_long_grid, fiery_altar_vehumet, orc_0_dummy
D:10:     layout_rooms, gammafunk_ghost_smash
D:11:     layout_roguey, minmay_microvault, uniq_nergalle
D:12:     layout_long_grid, serial_glass, glass_columns_b, glass_columns_a,
          basic_altar, nemelex_diamond_rough_becter
D:13:     lemuel_bear_cage, layout_basic, david_vaults_1, serial_shops,
          shop_statue
Lair:1:   layout_misc_corridors, grunt_megastairs_2
Lair:2:   layout_roguey, special_room [special_room_bee], serial_bayou_shore_b,
          grunt_megastairs_5, uniq_harold
Lair:3:   layout_misc_corridors, nicolae_spider_entry_orb_guardian,
          infiniplex_staircase_pool
Lair:4:   layout_roguey, skrybe_swamp_entry_bodies, minivault_27, zaba_anthell
Lair:5:   layout_layer_cave, grunt_megastairs_4
Lair:6:   minmay_lair_end_frog_pond, layout_cave_pods, slime_altar_1,
          basic_altar, minmay_stone_trees_medium, disabler_island
Spider:1: layout_chambers, uniq_agnes
Spider:2: layout_spider_delve, uniq_donald
Spider:3: layout_spider_delve, drop_trap
Orc:1:    orc_temple, layout_caves, bloody_trog
Orc:2:    pubby_orc_utopia, uniq_azrael

Skill      XL: |  1  2  3  4  5  6  7  8  9 10 11 12 13 14 15 |
---------------+----------------------------------------------+-----
Fighting       | 3 4 5 6 7 8 10 11 13 14 | 14.1
Armour         | 2 3 5 7 9 10 11 12 | 12.0
Axes           | 3 8 11 13 15 17 18 19 | 19.3
Maces & Flails | 3 6 7 |  7.4
Evocations     | 1 4 6 7 8 |  8.0
Dodging        | 3 5 6 8 |  8.0
Short Blades   | |  2.1
Throwing       | |  2.0
Stealth        | |  3.6

Action                   |  1- 3 |  4- 6 |  7- 9 | 10-12 | 13-15 || total
-------------------------+-------+-------+-------+-------+-------++-------
Melee: Dagger            |    75 |   196 |       |       |       ||   271
       Hand axe          |       |    37 |    17 |   604 |   440 ||  1098
       Dire flail        |       |       |   122 |     4 |    28 ||   154
       Battleaxe         |       |       |    43 |    43 |   477 ||   563
Throw: Dart              |    11 |     9 |    21 |    46 |    51 ||   138
       Throwing net      |       |       |       |     1 |       ||     1
       Boomerang         |       |       |       |     1 |       ||     1
Invok: Potion Petition   |       |       |       |       |     1 ||     1
       Call Merchant     |       |       |       |       |     1 ||     1
 Abil: Hop               |       |       |     3 |     3 |     7 ||    13
Evoke: Wand              |       |       |     3 |    35 |    57 ||    95
       Phial of floods   |       |       |       |       |     1 ||     1
  Use: Scroll            |       |     4 |     3 |    10 |     9 ||    26
       Potion            |       |     1 |     4 |     1 |     9 ||    15
 Stab: Distracted        |       |       |     1 |     3 |     7 ||    11
       Paralysed         |       |       |       |     2 |     3 ||     5
       Invisible         |       |       |       |       |     3 ||     3
       Betrayed ally     |       |       |       |       |     1 ||     1
Armor: Chain mail        |    47 |   130 |   112 |     7 |       ||   296
       Plate armour      |       |       |       |   312 |   652 ||   964
Dodge: Dodged            |    16 |    79 |    61 |   146 |   359 ||   661

Table legend: (Time is in decaauts)
 A = Elapsed time spent in this place.
 B = Non-inter-level travel time spent in this place.
 C = Inter-level travel time spent in this place.
 D = Time resting spent in this place.
 E = Time spent auto-exploring this place.
 F = Levels seen in this place.
 G = Mean time per level.
                   A        B        C        D        E       F      G
               +--------+--------+--------+--------+--------+-----+--------+
         Total |  10916 |  10656 |    260 |      2 |      0 |  24 |  454.8 |
       Dungeon |   5307 |   5126 |    181 |      2 |      0 |  13 |  408.2 |
          Lair |   2971 |   2951 |     20 |      0 |      0 |   6 |  495.2 |
   Spider Nest |   1221 |   1221 |      0 |      0 |      0 |   3 |  407.0 |
  Orcish Mines |   1416 |   1358 |     58 |      0 |      0 |   2 |  708.0 |
               +--------+--------+--------+--------+--------+-----+--------+

Top non-repeatable levels by time:
   Orc:2: 1157 daAuts
  Lair:6: 951 daAuts
    D:11: 787 daAuts
Spider:1: 708 daAuts
     D:3: 639 daAuts
     D:9: 620 daAuts
  Lair:4: 614 daAuts
Spider:2: 500 daAuts
  Lair:2: 491 daAuts
     D:8: 438 daAuts
     D:6: 425 daAuts
     D:7: 421 daAuts
    D:12: 393 daAuts
  Lair:5: 380 daAuts
  Lair:3: 356 daAuts
